 Dungeon Crawl Stone Soup version 0.29-a0-925-g0a7a3d12f8 (webtiles) character file.

Game seed: 823211610223505870

8947 pokeman the Thaumaturge (level 11, -12/61 HPs)
             Began as a Deep Elf Hedge Wizard on July 29, 2022.
             Was a Priest of Vehumet.
             Mangled by a phantasmal warrior (21 damage)
             ... on level 10 of the Dungeon on July 30, 2022.
             The game lasted 00:29:59 (13158 turns).

pokeman the Thaumaturge (Deep Elf Hedge Wizard)    Turns: 13158, Time: 00:30:01

Health: -12/61     AC:  8    Str:  7    XL:     11   Next: 16%
Magic:  10/31      EV: 12    Int: 24    God:    Vehumet [***...]
Gold:   191        SH:  5    Dex: 16    Spells: 19/39 levels left

rFire   . . .      SeeInvis +   C - +9 rapier "Qijal" {protect, *Corrode Drain rElec rC+++}
rCold   + + +      Faith    .   G - +0 buckler
rNeg    . . .      Spirit   .   P - +2 leather armour of Circular Logic {Dex+2}
rPois   .          Reflect  .   c - +0 hat
rElec   +          Harm     .   x - +0 cloak
rCorr   .          Rampage  .   u - +0 pair of gloves
Will    +....                   n - +0 pair of boots
Stlth   +.........              (no amulet)
HPRegen 0.20/turn               I - ring of see invisible
MPRegen 0.22/turn               (no ring)

@: lethally poisoned (-12 -> -19), very slow
A: no striking features
a: Renounce Religion


You were on level 10 of the Dungeon.
You worshipped Vehumet.
Vehumet was most pleased with you.
You visited 2 branches of the dungeon, and saw 11 of its levels.

You collected 464 gold pieces.
You spent 273 gold pieces at shops.

Inventory:

Hand Weapons
 z - a +4 dagger of venom
 A - a +0 arbalest
 C - the +9 rapier "Qijal" (weapon) {protect, *Corrode Drain rElec rC+++}
   (You bought it in a shop on level 6 of the Dungeon)

   It grants its wielder temporary protection when it strikes (+7 to AC).
   rC:        It renders you almost immune to cold.
   rElec:     It insulates you from electricity.
   *Corrode:  It may corrode you when you take damage.
   Drain:     It drains your maximum health when unequipped.
Missiles
 L - 2 throwing nets
Armour
 c - a +0 hat (worn)
 n - a +0 pair of boots (worn)
 u - a +0 pair of gloves (worn)
 v - an orb of mayhem
 x - a +0 cloak (worn)
 F - the +1 ring mail "Kucecw" {rC+ Will+ Int+4 SInv}
   (You found it on level 6 of the Dungeon)

   Int:       It affects your intelligence (+4).
   rC:        It protects you from cold.
   SInv:      It lets you see invisible.
   Will:      It increases your willpower.
 G - a +0 buckler (worn)
 P - the +2 leather armour of Circular Logic (worn) {Dex+2}
   (You found it on level 9 of the Dungeon)

   Dex:       It affects your dexterity (+2).
Magical Staves
 i - a staff of earth
Jewellery
 D - a ring of ice
 I - a ring of see invisible (left hand)
Wands
 p - a wand of flame (31)
 y - a wand of polymorph (5)
 K - a wand of charming (11)
 M - a wand of digging (8)
Scrolls
 a - 3 scrolls of enchant weapon {unknown}
 b - 15 scrolls of identify
 e - 2 scrolls of noise {unknown}
 g - 6 scrolls of teleportation {unknown}
 h - 3 scrolls of vulnerability {unknown}
 k - 3 scrolls of amnesia {unknown}
 m - 7 scrolls of poison {unknown}
 t - a scroll of summoning {unknown}
 w - a scroll of brand weapon {unknown}
 E - 2 scrolls of acquirement {unknown}
 H - 3 scrolls of butterflies {unknown}
 N - a scroll of silence {unknown}
 O - 2 scrolls of enchant armour {unknown}
Potions
 d - 3 potions of magic
 f - 5 potions of curing {unknown}
 j - 4 potions of brilliance {unknown}
 l - a potion of ambrosia {unknown}
 o - 4 potions of haste {unknown}
 q - a potion of flight {unknown}
 r - 2 potions of degeneration {unknown}
 s - a potion of mutation {unknown}
 B - 2 potions of heal wounds {unknown}
 J - a potion of invisibility {unknown}


   Skills:
 + Level 4.0 Fighting
 - Level 3.0 Armour
 - Level 3.0 Dodging
 - Level 3.0 Stealth
 - Level 3.0 Shields
 * Level 14.8 Spellcasting
 + Level 8.6 Conjurations
 - Level 1.1 Summonings
 - Level 1.1 Translocations
 - Level 1.2 Transmutations
 + Level 7.8 Fire Magic
 - Level 1.0 Air Magic
 - Level 1.1 Earth Magic
 - Level 1.5 Poison Magic
 - Level 1.1 Evocations


You had 19 spell levels left.
You knew the following spells:

 Your Spells              Type           Power      Damage    Failure   Level
a - Magic Dart            Conj           100%       1d8       1%          1
b - Mephitic Cloud        Conj/Pois/Air  35%        N/A       1%          3
c - Call Imp              Summ           23%        N/A       6%          2
d - Blink                 Tloc           46%        N/A       6%          2
e - Conjure Flame         Conj/Fire      55%        6-21      1%          3
f - Foxfire               Conj/Fire      100%       2x1d9     1%          1
g - Stone Arrow           Conj/Erth      82%        3d12      1%          3
h - Swiftness             Air            22%        N/A       12%         3
i - Wereblood             Tmut           23%        N/A       6%          2

Your spell library contained the following spells:

 Spells                   Type           Power      Damage    Failure   Level
 Static Discharge         Conj/Air       41%        3-9/arc   1%          2
 Sandblast                Erth           46%        2d11      1%          1
 Shock                    Conj/Air       100%       1d9       1%          1
 Beastly Appendage        Tmut           46%        N/A       3%          1
 Apportation              Tloc           46%        N/A       4%          1
 Summon Small Mammal      Summ           92%        N/A       4%          1
 Necrotise                Necr           68%        1d7       6%          1
 Slow                     Hex            68%        N/A       6%          1
 Passwall                 Tmut/Erth      19%        N/A       6%          2
 Spider Form              Tmut/Pois      24%        N/A       11%         3
 Airstrike                Air            11%        0-5+      11%         4


Dungeon Overview and Level Annotations

Branches:
Dungeon (10/15)            Temple (1/1) D:6            Lair (0/5) D:9
    Orc: D:9-12

Altars:
Ashenzari
Dithmenos
Elyvilon
Fedhas
Gozag
Makhleb
Nemelex Xobeh
Okawaru
Ru
Sif Muna
Trog
Uskayaw
Vehumet
Wu Jian
Xom
Yredelemnul
Zin

Shops:
D:5 *   D:6 *(?(?

Annotations:
D:4 1 runed translucent door, enile's ghost, amateur DjFE


Message History

The guardian serpent barely misses you. The phantasmal warrior gestures at you.
The phantasmal warrior blinks!
The guardian serpent casts a spell at you.
The bolt of poison hits you!!
You are poisoned.
* * * LOW HITPOINT WARNING * * *
Casting: Stone Arrow (safe; 1% risk of failure)
Confirm with . or Enter, or press ? or * to list all spells.
Aiming: Stone Arrow (safe; 1% risk of failure)
Press: ? - help, Shift-Dir - straight line, f - guardian serpent
Aim: a guardian serpent (severely wounded, 64% to hit)
The stone arrow hits the guardian serpent!!
You kill the guardian serpent!
Vehumet accepts your kill.
You feel your power returning.
* * * LOW HITPOINT WARNING * * *
You feel very sick.
Your Fighting skill increases to level 4!
Unknown command.
Casting: Stone Arrow (safe; 1% risk of failure)
Confirm with . or Enter, or press ? or * to list all spells.
Aiming: Stone Arrow (safe; 1% risk of failure)
Press: ? - help, Shift-Dir - straight line, f - phantasmal warrior
Aim: a phantasmal warrior (76% to hit)
The stone arrow hits the phantasmal warrior!
The phantasmal warrior is moderately damaged.
* * * LOW HITPOINT WARNING * * *
You feel very sick.
You block the phantasmal warrior's attack.
Unknown command.
Casting: Stone Arrow (safe; 1% risk of failure)
Confirm with . or Enter, or press ? or * to list all spells.
Aiming: Stone Arrow (safe; 1% risk of failure)
Press: ? - help, Shift-Dir - straight line, f/p - phantasmal warrior
Aim: a phantasmal warrior (moderately damaged, 76% to hit)
The stone arrow hits the phantasmal warrior!
The phantasmal warrior is heavily damaged.
You feel sick. The phantasmal warrior hits you!!
You die...

#.# #.≈≈≈≈≈≈#W≈≈≈≈≈.#
#.# #≈≈≈..≈≈≈≈≈≈≈≈≈.#
#.###≈≈..#..≈≈≈..≈≈≈#
#...##≈#.....≈...?.#
######....###.....≈#
#≈≈.#...##.#≈≈#
#≈≈.≈.)..#.≈#
#≈≈.≈≈.≈≈.≈≈#
##≈≈≈W@≈≈≈≈### #####
##≈≈≈≈≈≈≈##.# ....#
###≈≈≈####.### ###.#
###.##.##......# #.#
#........###.#.# #†#
#.##(##### #.#.# #.#
#.##.# #.#.# #.#
#.##.#######.#.# #.#
#####.##.........#.#


You could see a phantasmal warrior.

Vanquished Creatures
  A boulder beetle (D:10)
  A two-headed ogre (D:10)
  A phantasmal warrior (D:10)
  A cyclops (D:10)
  A guardian serpent (D:10)
  A gargoyle (D:10)
  2 shadows
  7 yaks
  A wyvern (D:9)
  4 vampire mosquitoes (D:10)
  3 water moccasins
  4 orc warriors
  5 ice beasts
  2 sky beasts
  5 black bears
  2 centaurs
  A phantom (D:4)
  2 kobold brigands
  4 bullfrogs
  2 gnoll sergeants
  4 scorpions
  7 wights
  5 killer bees (D:9)
  2 howler monkeys
  2 hounds (D:4)
  A jelly (D:6)
  7 orc priests
  4 iguanas
  7 orc wizards
  Ijyb (D:4)
  10 gnolls
  11 adders
  A white imp (D:7)
  2 ufetubi (D:5)
  2 worms
  8 dart slugs
  26 orcs
  7 ball pythons
  7 endoplasms
  2 giant cockroaches
  8 goblins
  7 hobgoblins
  12 jackals
  13 kobolds
  6 quokkas
  7 bats
  4 frilled lizards
  13 rats
236 creatures vanquished.

Vanquished Creatures (collateral kills)
  A wight (D:9)
  An orc wizard (D:6)
  4 orcs
  4 kobolds
10 creatures vanquished.

Vanquished Creatures (others)
  An orc (D:8)
  136 foxfires
  27 fungi (D:9)
  26 plants
190 creatures vanquished.

Grand Total: 436 creatures vanquished

Notes
Turn   | Place    | Note
-------+----------+-------------------------------------------
     0 | D:1      | pokeman the Deep Elf Hedge Wizard began the quest for the
                  | Orb.
     0 | D:1      | Reached XP level 1. HP: 10/10 MP: 7/7
   338 | D:1      | Reached XP level 2. HP: 16/16 MP: 3/9
   767 | D:1      | Reached skill level 5 in Spellcasting
   849 | D:1      | Reached XP level 3. HP: 19/20 MP: 3/11
   853 | D:1      | Learned a level 3 spell: Mephitic Cloud
   856 | D:1      | Learned a level 2 spell: Call Imp
   859 | D:1      | Learned a level 2 spell: Blink
   863 | D:1      | Learned a level 3 spell: Conjure Flame
  1605 | D:1      | Reached skill level 1 in Fighting
  1809 | D:2      | Found a basalt altar of Yredelemnul.
  1862 | D:2      | Reached skill level 1 in Armour
  2154 | D:2      | Reached XP level 4. HP: 25/25 MP: 8/13
  2248 | D:2      | Learned a level 3 spell: Stone Arrow
  3090 | D:3      | Found a basalt altar of Yredelemnul.
  3331 | D:3      | Reached skill level 6 in Spellcasting
  3394 | D:3      | Reached XP level 5. HP: 29/29 MP: 10/15
  3976 | D:4      | Found a sacrificial altar of Ru.
  3985 | D:4      | Noticed enile's ghost (amateur DjFE)
  3986 | D:4      | Found a runed translucent door.
  4588 | D:4      | Found a sparkling altar of Nemelex Xobeh.
  4708 | D:4      | Reached skill level 1 in Fire Magic
  4826 | D:4      | Reached skill level 1 in Evocations
  5167 | D:4      | Reached XP level 6. HP: 30/34 MP: 11/17
  5367 | D:5      | Entered Level 5 of the Dungeon
  5367 | D:5      | Noticed an ice beast
  5381 | D:5      | Noticed Ijyb
  5413 | D:4      | Reached skill level 7 in Spellcasting
  5413 | D:4      | Reached skill level 1 in Air Magic
  5586 | D:4      | Reached skill level 1 in Poison Magic
  5608 | D:4      | Reached skill level 1 in Earth Magic
  5861 | D:4      | Killed Ijyb
  6158 | D:5      | Reached XP level 7. HP: 38/38 MP: 14/20
  6232 | D:5      | Reached skill level 8 in Spellcasting
  6502 | D:5      | Learned a level 2 spell: Wereblood
  6506 | D:5      | Learned a level 3 spell: Swiftness
  6517 | D:5      | Found Ejut Tif's Gadget Gallery.
  6783 | D:5      | Reached skill level 1 in Transmutations
  6783 | D:5      | Reached XP level 8. HP: 44/44 MP: 18/22
  6945 | D:6      | Reached skill level 9 in Spellcasting
  7033 | D:6      | Found Okhlohad's Assorted Antiques.
  7042 | D:6      | Bought a fine rapier for 189 gold pieces
  7042 | D:6      | Identified the +9 rapier "Qijal" {protect, *Corrode Drain
                  | rElec rC+++} (You bought it in a shop on level 6 of the
                  | Dungeon)
  7147 | D:6      | Found a staircase to the Ecumenical Temple.
  7157 | Temple   | Entered the Ecumenical Temple
  7176 | Temple   | Became a worshipper of Vehumet
  7202 | D:6      | Found Ihish's Weapon Shop.
  7249 | D:6      | Found Xaday's Magic Scroll Shop.
  7374 | D:6      | Reached skill level 5 in Conjurations
  7438 | D:6      | Bought a scroll of identify for 28 gold pieces
  7438 | D:6      | Bought a scroll of identify for 28 gold pieces
  7438 | D:6      | Bought a scroll of identify for 28 gold pieces
  7445 | D:6      | Identified the +1 ring mail "Kucecw" {rC+ Will+ Int+4 SInv}
  7508 | D:6      | Found Hubipig's Magic Scroll Shop.
  7606 | D:6      | Found Egureb's Antique Weapon Shop.
  7645 | D:6      | Found a shadowy altar of Dithmenos.
  7645 | D:6      | Found a broken altar of Ashenzari.
  8164 | D:7      | Reached skill level 10 in Spellcasting
  8267 | D:7      | Reached skill level 1 in Shields
  8460 | D:7      | Reached XP level 9. HP: 48/48 MP: 2/25
  8956 | D:8      | Reached skill level 11 in Spellcasting
  9275 | D:8      | Reached skill level 5 in Fire Magic
  9277 | D:8      | Reached * piety under Vehumet
  9277 | D:8      | Offered knowledge of Foxfire by Vehumet.
  9282 | D:8      | Learned a level 1 spell: Foxfire
 10479 | D:9      | Reached skill level 12 in Spellcasting
 10564 | D:9      | Reached ** piety under Vehumet
 10564 | D:9      | Offered knowledge of Poisonous Vapours by Vehumet.
 10570 | D:9      | Identified the +2 leather armour of Circular Logic {Dex+2}
 10913 | D:9      | Found a white marble altar of Elyvilon.
 11048 | D:9      | Found a hide-covered altar of Uskayaw.
 11192 | D:9      | Reached XP level 10. HP: 53/53 MP: 22/28
 11321 | D:9      | Found a staircase to the Lair.
 11337 | D:9      | Reached skill level 13 in Spellcasting
 11593 | D:10     | Entered Level 10 of the Dungeon
 11616 | D:10     | Noticed a boulder beetle
 11632 | D:10     | Killed a boulder beetle
 12197 | D:10     | Offered knowledge of Static Discharge by Vehumet.
 12287 | D:10     | Reached skill level 14 in Spellcasting
 12577 | D:10     | Noticed a gargoyle
 12585 | D:10     | Killed a gargoyle
 13021 | D:10     | Noticed a cyclops
 13021 | D:10     | Noticed a phantasmal warrior
 13031 | D:10     | Killed a phantasmal warrior
 13039 | D:10     | Reached XP level 11. HP: 41/60 MP: 21/31
 13040 | D:10     | Reached *** piety under Vehumet
 13142 | D:10     | Noticed a two-headed ogre
 13147 | D:10     | Noticed a phantasmal warrior
 13155 | D:10     | Killed a two-headed ogre
 13158 | D:10     | Mangled by a phantasmal warrior

Illustrated notes

Levels and vault maps discovered:
D:1:      tarquinn_simple_flora_water_c, layout_basic
D:2:      layout_basic, basic_altar, st_stairs_12, roderic_roman_lattice
D:3:      layout_rooms, mainiacjoe_overflow_24_doors,
          hangedman_decor_clover_reticule, kennysheep_cross_bottleneck
D:4:      layout_loops_ring, lemuel_coloured_pillars_altar,
          nicolae_ru_the_path_less_chosen, hellmonk_ghost_happy_afterlife,
          hangedman_abyss_or_decor_stabs, kennysheep_potato
D:5:      dreamdust_elfheim, layout_rooms, nrook_mini_vaults,
          nicolae_shop_gadgets, uniq_ijyb
D:6:      layout_basic, nicolae_overflow_two_pavilions,
          minmay_temple_entry_gardened_gates, serial_shops, nicolae_square_shop,
          nicolae_diamond_shop, kennysheep_mini, nicolae_shop_stone, shop
D:7:      layout_basic
D:8:      layout_rooms
D:9:      layout_basic, elyvilon_altar_4, kennysheep_mini_moat,
          due_lair_maze_entry_diamond
D:10:     layout_loops_ring, minmay_hedge_maze,
          hellmonk_guarded_unrand_seven_league_boots
Temple:   hellmonk_temple_of_storms

Skill      XL: |  1  2  3  4  5  6  7  8  9 10 11 |
---------------+----------------------------------+-----
Spellcasting   | 5 6 7 8 10 12 14 | 14.8
Fighting       | 1 2 3 4 |  4.0
Armour         | 1 2 3 |  3.0
Conjurations   | 2 3 4 5 7 8 |  8.6
Dodging        | 3 |  3.0
Stealth        | 3 |  3.0
Fire Magic     | 1 2 4 6 7 |  7.8
Evocations     | 1 |  1.1
Air Magic      | 1 |  1.0
Poison Magic   | 1 |  1.5
Earth Magic    | 1 |  1.1
Transmutations | 1 |  1.2
Shields        | 1 3 |  3.0
Summonings     | |  1.1
Translocations | |  1.1

Action                   |  1- 3 |  4- 6 |  7- 9 | 10-12 || total
-------------------------+-------+-------+-------+-------++-------
Melee: Dagger            |     4 |    15 |     5 |       ||    24
       War axe           |       |    48 |       |       ||    48
       Unarmed           |       |    43 |       |       ||    43
       Rapier            |       |       |    52 |    39 ||    91
 Cast: Magic Dart        |   124 |   142 |    45 |       ||   311
       Mephitic Cloud    |     1 |     3 |    23 |    11 ||    38
       Conjure Flame     |     1 |     2 |     5 |     9 ||    17
       Call Imp          |       |     1 |       |     2 ||     3
       Blink             |       |     1 |       |       ||     1
       Stone Arrow       |       |     3 |    62 |    41 ||   106
       Foxfire           |       |       |    69 |    13 ||    82
 Stab: Sleeping          |       |     1 |       |       ||     1
       Confused          |       |     1 |     8 |     3 ||    12
Armor: Robe              |     2 |       |       |       ||     2
       Leather armour    |     4 |    37 |    24 |    14 ||    79
       Skin              |       |     4 |       |       ||     4
Dodge: Dodged            |    14 |   149 |    64 |    22 ||   249
Block: Buckler           |       |       |       |     9 ||     9

Table legend: (Time is in decaauts)
 A = Elapsed time spent in this place.
 B = Non-inter-level travel time spent in this place.
 C = Inter-level travel time spent in this place.
 D = Time resting spent in this place.
 E = Time spent auto-exploring this place.
 F = Levels seen in this place.
 G = Mean time per level.
                   A        B        C        D        E       F      G
               +--------+--------+--------+--------+--------+-----+--------+
         Total |  13192 |  12846 |    346 |   1497 |   9599 |  11 | 1199.3 |
       Dungeon |  13154 |  12825 |    329 |   1497 |   9591 |  10 | 1315.4 |
        Temple |     37 |     20 |     17 |      0 |      8 |   1 |   37.0 |
               +--------+--------+--------+--------+--------+-----+--------+

Top non-repeatable levels by time:
     D:4: 2267 daAuts
     D:1: 1644 daAuts
    D:10: 1576 daAuts
     D:7: 1297 daAuts
     D:9: 1255 daAuts
     D:3: 1180 daAuts
     D:8: 1118 daAuts
     D:2: 1023 daAuts
     D:6: 959 daAuts
     D:5: 832 daAuts
  Temple: 37 daAuts
